 Dungeon Crawl Stone Soup version 0.29.0-4-gdea44cf6ec (webtiles) character file.

Game seed: 333149291851171060

1073 night the Purveyor of Pain (level 8, -4/60 HPs)
             Began as a Demonspawn Necromancer on Aug 27, 2022.
             Was an Initiate of Kikubaaqudgha.
             Slain by an iguana (7 damage)
             ... on level 5 of the Dungeon.
             The game lasted 00:14:28 (5887 turns).

night the Purveyor of Pain (Demonspawn Necromancer) Turns: 5887, Time: 00:14:28

Health: -4/60      AC: 14    Str: 11    XL:     8   Next: 7%
Magic:  12/15      EV: 10    Int: 16    God:    Kikubaaqudgha [......]
Gold:   367        SH:  0    Dex: 14    Spells: 12/17 levels left

rFire   + . .      SeeInvis .   i - +0 dagger (spect)
rCold   + . .      Faith    .   (no shield)
rNeg    . . .      Spirit   .   v - +2 ring mail {rC+}
rPois   .          Reflect  .   (helmet restricted)
rElec   .          Harm     .   (no cloak)
rCorr   .          Rampage  .   r - +0 pair of gloves
Will    .....                   w - +0 pair of boots
Stlth   +.........              (no amulet)
HPRegen 0.20/turn               h - +4 ring of protection
MPRegen 0.14/turn               a - ring of protection from fire

@: flying, studying Armour
A: antennae 1, hooves 1, demonic magic 1
a: Renounce Religion


You were on level 5 of the Dungeon.
You worshipped Kikubaaqudgha.
Kikubaaqudgha was noncommittal.
You visited 2 branches of the dungeon, and saw 6 of its levels.

You collected 367 gold pieces.

Inventory:

Hand Weapons
 i - a +0 spectral dagger (weapon)
 m - a +4 short sword
Missiles
 c - 75 stones
 d - 2 curare-tipped darts
 f - 4 boomerangs
 j - 2 poisoned darts
Armour
 r - a +0 pair of gloves (worn)
 v - a +2 ring mail of cold resistance (worn)
 w - a +0 pair of boots (worn)
Jewellery
 a - a ring of protection from fire (right hand)
 h - a +4 ring of protection (left hand)
 o - a ring of protection from fire
Wands
 t - a wand of flame (35)
Scrolls
 e - a scroll of enchant armour
 l - a scroll of noise {unknown}
 n - 2 scrolls of fog
Potions
 b - 3 potions of magic
 k - a potion of resistance {unknown}
 s - 2 potions of flight
 u - a potion of degeneration {unknown}


   Skills:
 + Level 3.8 Fighting
 + Level 5.1 Armour
 - Level 1.7 Dodging
 - Level 1.7 Stealth
 - Level 5.1 Spellcasting
 - Level 7.3 Necromancy


You had 12 spell levels left.
You knew the following spells:

 Your Spells              Type           Power      Damage    Failure   Level
a - Necrotise             Necr           100%       1d9       1%          1
b - Animate Dead          Necr           27%        N/A       16%         4

Your spell library contained the following spells:

 Spells                   Type           Power      Damage    Failure   Level
 Vampiric Draining        Necr           27%        2d7       4%          3
 Agony                    Necr           27%        N/A       41%         5
 Portal Projectile        Hex/Tloc       8%         N/A       69%         3
 Tukima's Dance           Hex            4%         N/A       69%         3
 Blade Hands              Tmut           2%         N/A       100%        5


Dungeon Overview and Level Annotations

Branches:
Dungeon (5/15)             Temple (1/1) D:4

Altars:
Ashenzari
Dithmenos
Gozag
Kikubaaqudgha
Makhleb
Nemelex Xobeh
Qazlal
Ru
Sif Muna
Trog
Vehumet
Wu Jian
Xom
Yredelemnul

Shops:
D:1 [


Innate Abilities, Weirdness & Mutations

You have a pair of small antennae on your head.
You have large cloven feet.
Spells you cast may paralyse adjacent enemies.


Message History

You hit the iguana but do no damage.
The iguana is heavily wounded.
The iguana bites you.
* * * LOW HITPOINT WARNING * * *
Your orc priest zombie barely misses the orc.
You bump into the rock wall.
The iguana bites you.
* * * LOW HITPOINT WARNING * * *
Your orc priest zombie hits the iguana.
You hit the iguana.
The iguana is almost dead.
Something hits you but does no damage.
The iguana bites you but does no damage.
You barely miss the iguana.
The iguana is almost dead.
Your orc priest zombie closely misses the iguana.
Something hits you but does no damage. Something hits you.
* * * LOW HITPOINT WARNING * * *
The iguana closely misses you.
You closely miss the iguana.
The iguana is almost dead.
Your reaping aura expires.
You hear some strange, mumbled words.
A puff of flame appears from out of thin air!
The puff of flame hits you but does no damage.
Something hits you but does no damage. The iguana bites you.
* * * LOW HITPOINT WARNING * * *
Your orc priest zombie hits the iguana but does no damage.
You miss something. Something hits you.
* * * LOW HITPOINT WARNING * * *
Something hits you but does no damage.
The iguana completely misses your orc priest zombie.
Your orc priest zombie hits the iguana but does no damage.
You barely miss the iguana.
The iguana is almost dead.
You feel less confused. Something hits you but does no damage.
Something hits you.
* * * LOW HITPOINT WARNING * * *
The iguana bites you!
You die...
Kikubaaqudgha rasps: "You have failed me!
Welcome... death!"

#### #.#.###
##.####.#.####
##....#.#....#
##.##.#.####.#
Z.Z##.#...##.#
#####)###.##.####
#.)...#..○§.#
###########l## {
.#####.Z{@#
...°§○°○{##
######)#§o#
☼☼.#.## #####○#
○.# ###


You could see an iguana (ally target) and a friendly orc priest zombie.

Vanquished Creatures
  4 phantoms
  A necrophage (D:4)
  2 scorpions
  6 orc priests
  Jessica (D:3)
  Natasha (thrice) (D:3)
  An iguana (D:5)
  4 orc wizards
  7 adders
  A worm (D:4)
  4 dart slugs
  20 orcs
  7 endoplasms
  2 giant cockroaches
  6 goblins
  6 hobgoblins
  10 jackals
  12 kobolds
  4 quokkas
  7 ball pythons
  5 bats
  2 frilled lizards (D:3)
  8 rats
123 creatures vanquished.

Vanquished Creatures (others)
  An adder zombie (D:5)
  A goblin zombie (D:4)
  3 jackal zombies (D:5)
  5 orc zombies
  12 fungi (D:5)
  A plant (D:2)
23 creatures vanquished.

Grand Total: 146 creatures vanquished

Notes
Turn   | Place    | Note
-------+----------+-------------------------------------------
     0 | D:1      | night the Demonspawn Necromancer began the quest for the
                  | Orb.
     0 | D:1      | Reached XP level 1. HP: 13/13 MP: 3/3
   384 | D:1      | Discovered your monstrous ancestry.
   384 | D:1      | Gained mutation: You have a pair of small antennae on your
                  | head. [demonic ancestry]
   384 | D:1      | Reached XP level 2. HP: 19/19 MP: 5/5
   767 | D:1      | Found Lemuke's Armour Emporium.
   969 | D:1      | Found a faded altar of an unknown god.
  1080 | D:1      | Reached skill level 5 in Necromancy
  1080 | D:1      | Reached XP level 3. HP: 24/24 MP: 7/7
  1737 | D:2      | Gained mutation: You have large cloven feet. [demonic
                  | ancestry]
  1737 | D:2      | Reached XP level 4. HP: 30/30 MP: 8/8
  1980 | D:3      | Noticed Jessica
  1984 | D:3      | Killed Jessica
  2105 | D:3      | Found an ornate altar of the Wu Jian Council.
  2254 | D:3      | Found a bloodstained altar of Trog.
  2254 | D:3      | Found a burning altar of Makhleb.
  2310 | D:3      | Noticed Natasha
  2316 | D:3      | Killed Natasha
  2317 | D:3      | Reached XP level 5. HP: 35/35 MP: 4/10
  2494 | D:3      | Found a sparkling altar of Nemelex Xobeh.
  2628 | D:3      | Found a radiant altar of Vehumet.
  2703 | D:3      | Noticed Natasha
  2711 | D:3      | Killed Natasha
  2712 | D:3      | Reached skill level 6 in Necromancy
  2717 | D:3      | Learned a level 4 spell: Animate Dead
  2785 | D:3      | Noticed Natasha
  2790 | D:3      | Killed Natasha
  2996 | D:4      | Noticed a phantom
  3014 | D:4      | Killed a phantom
  3015 | D:4      | Gained mutation: Spells you cast may paralyse adjacent
                  | enemies. [demonic ancestry]
  3015 | D:4      | Reached XP level 6. HP: 35/41 MP: 12/12
  3248 | D:5      | Entered Level 5 of the Dungeon
  3559 | D:4      | Reached skill level 7 in Necromancy
  3562 | D:4      | Reached skill level 5 in Spellcasting
  3829 | D:4      | Found a broken altar of Ashenzari.
  4272 | D:4      | Reached XP level 7. HP: 40/46 MP: 14/14
  4462 | D:4      | Reached skill level 1 in Fighting
  4462 | D:4      | Reached skill level 1 in Armour
  4557 | D:4      | Found a staircase to the Ecumenical Temple.
  4567 | Temple   | Entered the Ecumenical Temple
  4629 | Temple   | Became a worshipper of Kikubaaqudgha
  4991 | D:5      | Reached skill level 2 in Armour
  5072 | D:5      | Reached skill level 2 in Fighting
  5551 | D:5      | Reached XP level 8. HP: 30/58 MP: 15/15
  5577 | D:5      | Reached skill level 5 in Armour
  5838 | D:5      | Identified the +1 leather armour "Ydusch" {Str+3 Dex+3}
  5870 | D:5      | HP: 7/60 [something/magic dart (3)]
  5882 | D:5      | HP: 9/60 [iguana (5)]
  5886 | D:5      | HP: 4/60 [something (3)]
  5887 | D:5      | Slain by an iguana

Illustrated notes

Levels and vault maps discovered:
D:1:      dpeg_arrival_water_temple_mockup, layout_rooms, serial_shops,
          nicolae_shop_crystal, serial_forest, infiniplex_forest_clump_double,
          infiniplex_forest_lined_room_2, infiniplex_forest_clump_medium,
          infiniplex_forest_straight_2, infiniplex_forest_end_1,
          infiniplex_forest_clump_small, infiniplex_forest_straight_4,
          hellmonk_ecumenical_altar_zigzags
D:2:      layout_basic, serial_forest, infiniplex_forest_straight_4,
          infiniplex_forest_corner_1, infiniplex_forest_straight_5,
          infiniplex_forest_clump_curved, infiniplex_forest_straight_2,
          infiniplex_forest_lined_2, minmay_misc_feat_nine_boxes
D:3:      layout_basic, nzn_wu_jian_contemplation, nicolae_vehumet_radiance,
          nemelex_spade_bored_becter, gammafunk_temple_overflow_elements,
          uniq_jessica, uniq_natasha
D:4:      cheibrodos_pilgrimage, layout_layer_cave, evilmike_ruin_ashenzari,
          nicolae_overflow_hidden_temple, lemuel_temple_firewalk_b
D:5:      layout_basic, serial_aquarium, aquarium_bridge_straight
          [aquarium_subvault_bridge, aquarium_subvault_window,
          aquarium_subvault_bridge, aquarium_subvault_window],
          aquarium_bridge_straight [aquarium_subvault_bridge,
          aquarium_subvault_window, aquarium_subvault_bridge,
          aquarium_subvault_window], aquarium_window_1, aquarium_window_fake,
          aquarium_window_2, aquarium_view_2c, aquarium_view_2d,
          aquarium_balcony_1b, hangedman_decor_riveting
Temple:   jpeg_temple_island

Skill      XL: |  1  2  3  4  5  6  7  8 |
---------------+-------------------------+-----
Necromancy     | 5 6 7 |  7.3
Spellcasting   | 3 4 5 |  5.1
Fighting       | 3 |  3.8
Armour         | 4 5 |  5.1
Dodging        | |  1.7
Stealth        | |  1.7

Action                   |  1- 3 |  4- 6 |  7- 9 || total
-------------------------+-------+-------+-------++-------
Melee: Unarmed           |    10 |       |       ||    10
       Club              |     6 |       |       ||     6
       Dagger            |    66 |    90 |   154 ||   310
       Kick              |       |     6 |       ||     6
       Punch             |       |       |     3 ||     3
 Cast: Necrotise         |    15 |    55 |    20 ||    90
       Animate Dead      |       |     1 |     3 ||     4
Evoke: Wand              |       |     3 |       ||     3
  Use: Scroll            |     2 |     8 |     2 ||    12
       Potion            |       |     5 |     4 ||     9
 Stab: Sleeping          |     1 |     1 |       ||     2
       Distracted        |       |       |     5 ||     5
       Paralysed         |       |       |     5 ||     5
Armor: Ring mail         |    33 |    76 |   153 ||   262
Dodge: Dodged            |    34 |    38 |    79 ||   151
